PAAA
SUNSET DISTRICT FOG @ CALGARY LYNX
05/22/2025
 
TOP OF THE 1ST
Sunset District Fog batting - Pitching for Calgary Lynx : RHP António Rodríguez
Pitching: RHP António Rodríguez
Batting: SHB Carlos Sánchez 0-0: Called Strike
0-1: Ball
1-1: SINGLE (Line Drive, 6MD)
Batting: LHB Bryce Reilly 0-0: Called Strike
0-1: Ball
1-1: Ball
2-1: Called Strike
2-2: Strikes out swinging
Carlos Sánchez steals 2nd base
Batter strikes out.
Batting: RHB Simon Yusaf Khel 0-0: Ball
1-0: Swinging Strike
1-1: Called Strike
1-2: Strikes out swinging
Batting: LHB Pedro Tapia 0-0: Ground out 4-3 (Groundball, 4M)
Top of the 1st over - 0 run(s), 1 hit(s), 0 error(s), 1 left on base; Sunset District 0 - Calgary 0
BOTTOM OF THE 1ST
Calgary Lynx batting - Pitching for Sunset District Fog : RHP Carlos Martínez
Pitching: RHP Carlos Martínez
Batting: LHB Ángel López 0-0: Ball
1-0: Foul Ball, location: 2F
1-1: Ground out 1-3 (Groundball, 15)
Batting: RHB Hieu De 0-0: Called Strike
0-1: Foul Ball, location: 2F
0-2: Ball
1-2: Ball
2-2: Hit by Pitch
Batting: LHB Thomas Campbell 0-0: Ball
1-0: Called Strike
1-1: Ball
2-1: Fly out, F9 (Flyball, 9LDF)
Batting: RHB Álex Estrada 0-0: Called Strike
0-1: Called Strike
0-2: Ball
1-2: SINGLE (Groundball, 6MD)
Hieu De to second
Batting: LHB Emílio Barbán 0-0: Foul Ball, location: 2F
0-1: Ball
1-1: Foul Ball, location: 2F
1-2: Fly out, F7 (Flyball, 7S)
Bottom of the 1st over - 0 run(s), 1 hit(s), 0 error(s), 2 left on base; Sunset District 0 - Calgary 0
TOP OF THE 2ND
Sunset District Fog batting - Pitching for Calgary Lynx : RHP António Rodríguez
Batting: RHB Jim Lee 0-0: Ball
1-0: Swinging Strike
1-1: Ball
2-1: Foul Ball, location: 2F
2-2: Ball
3-2: Fly out, F7 (Flyball, 7)
Batting: RHB Manuel Rodríguez 0-0: Foul Ball, location: 2F
0-1: Foul Ball, location: 2F
0-2: Foul Ball, location: 2F
0-2: Strikes out swinging
Batting: RHB José Vargas 0-0: Ball
1-0: Called Strike
1-1: Swinging Strike
1-2: Foul Ball, location: 2F
1-2: Strikes out swinging
Top of the 2nd over - 0 run(s), 0 hit(s), 0 error(s), 0 left on base; Sunset District 0 - Calgary 0
BOTTOM OF THE 2ND
Calgary Lynx batting - Pitching for Sunset District Fog : RHP Carlos Martínez
Batting: RHB José Carlos Ramos 0-0: Ball
1-0: Called Strike
1-1: Called Strike
1-2: Ball
2-2: Ball
3-2: Foul Ball, location: 2F
3-2: SINGLE (Groundball, 56D)
Batting: LHB Miguel Zúñiga 0-0: Foul Ball, location: 2F
0-1: SINGLE (Groundball, 6M) (infield hit)
José Carlos Ramos to second
Batting: RHB Dusty Childress 0-0: Ball
1-0: Ball
2-0: Ball
Wild Pitch!
José Carlos Ramos to third
Miguel Zúñiga to second
3-0: Base on Balls
Batting: RHB Chris Woodruff 0-0: Ball
1-0: Foul Ball, location: 2F
1-1: Ground out 5-3 (Groundball, 56S)
José Carlos Ramos scores
Miguel Zúñiga to third
Dusty Childress to second
Batting: LHB Ángel López 0-0: Ball
1-0: Called Strike
1-1: Ball
2-1: Foul Ball, location: 2F
2-2: Fly out, F8 (Flyball, 8RM)
Batting: RHB Hieu De 0-0: Ball
1-0: Foul Ball, location: 2F
1-1: Ball
2-1: Foul Ball, location: 2F
2-2: Ball
3-2: Base on Balls
Batting: LHB Thomas Campbell 0-0: Called Strike
0-1: Ball
1-1: Ball
2-1: Ball
3-1: Base on Balls
Miguel Zúñiga scores
Dusty Childress to third
Hieu De to second
Batting: RHB Álex Estrada 0-0: Ball
1-0: Ball
2-0: Called Strike
2-1: Ball
3-1: Fly out, F7 (Flyball, 7LM)
Bottom of the 2nd over - 2 run(s), 2 hit(s), 0 error(s), 3 left on base; Sunset District 0 - Calgary 2
TOP OF THE 3RD
Sunset District Fog batting - Pitching for Calgary Lynx : RHP António Rodríguez
Batting: SHB Albert Sánchez 0-0: Ball
1-0: Swinging Strike
1-1: Ball
2-1: Foul Ball, location: 2F
2-2: Strikes out swinging
Batting: RHB Ricardo Téllez 0-0: Ball
1-0: Called Strike
1-1: Called Strike
1-2: SINGLE (Groundball, 56D)
Batting: SHB Carlos Sánchez 0-0: Ball
1-0: Ball
2-0: Grounds into double play, 4-6-3 (Groundball, 4)
Top of the 3rd over - 0 run(s), 1 hit(s), 0 error(s), 0 left on base; Sunset District 0 - Calgary 2
BOTTOM OF THE 3RD
Calgary Lynx batting - Pitching for Sunset District Fog : RHP Carlos Martínez
Batting: LHB Emílio Barbán 0-0: Called Strike
0-1: Foul Ball, location: 2F
0-2: Foul Ball, location: 2F
0-2: Ball
1-2: Fly out, F8 (Line Drive, 8RM)
Batting: RHB José Carlos Ramos 0-0: SINGLE (Popup, 5D)
Batting: LHB Miguel Zúñiga 0-0: Ball
1-0: Fielders Choice at 2nd, 6-4 (Groundball, 6M)
Batting: RHB Dusty Childress 0-0: Fly out, F7 (Line Drive, 7S)
Bottom of the 3rd over - 0 run(s), 1 hit(s), 0 error(s), 1 left on base; Sunset District 0 - Calgary 2
TOP OF THE 4TH
Sunset District Fog batting - Pitching for Calgary Lynx : RHP António Rodríguez
Batting: LHB Bryce Reilly 0-0: Ball
1-0: Swinging Strike
1-1: Fly out, F6 (Popup, 4MS)
Batting: RHB Simon Yusaf Khel 0-0: Ball
1-0: Ball
2-0: Called Strike
2-1: Called Strike
2-2: Ball
3-2: Fly out, F9 (Flyball, 89D)
Batting: LHB Pedro Tapia 0-0: Ball
1-0: Swinging Strike
1-1: Fly out, F8 (Flyball, 8LS)
Top of the 4th over - 0 run(s), 0 hit(s), 0 error(s), 0 left on base; Sunset District 0 - Calgary 2
BOTTOM OF THE 4TH
Calgary Lynx batting - Pitching for Sunset District Fog : RHP Carlos Martínez
Batting: RHB Chris Woodruff 0-0: Ball
1-0: Called Strike
1-1: Ball
2-1: Swinging Strike
2-2: Ball
3-2: Base on Balls
Batting: LHB Ángel López 0-0: Ball
1-0: Ball
Chris Woodruff is caught stealing 2nd base
2-0: Foul Ball, location: 2F
2-1: Foul Ball, location: 2F
2-2: Ground out 4-3 (Groundball, 4)
Batting: RHB Hieu De 0-0: Swinging Strike
0-1: Ball
1-1: Ball
2-1: Foul Ball, location: 2F
2-2: Ball
3-2: Strikes out looking
Bottom of the 4th over - 0 run(s), 0 hit(s), 0 error(s), 0 left on base; Sunset District 0 - Calgary 2
TOP OF THE 5TH
Sunset District Fog batting - Pitching for Calgary Lynx : RHP António Rodríguez
Batting: RHB Jim Lee 0-0: Ball
1-0: Ground out 4-3 (Groundball, 4S)
Batting: RHB Manuel Rodríguez 0-0: Bunt missed!
0-1: Fly out, F7 (Flyball, 7)
Batting: RHB José Vargas 0-0: Ball
1-0: Called Strike
1-1: Swinging Strike
1-2: Foul Ball, location: 2F
1-2: Strikes out swinging
Top of the 5th over - 0 run(s), 0 hit(s), 0 error(s), 0 left on base; Sunset District 0 - Calgary 2
BOTTOM OF THE 5TH
Calgary Lynx batting - Pitching for Sunset District Fog : RHP Carlos Martínez
Batting: LHB Thomas Campbell 0-0: Ground out 4-3 (Groundball, 4)
Batting: RHB Álex Estrada 0-0: Swinging Strike
0-1: Ball
1-1: Ball
2-1: Called Strike
2-2: Foul Ball, location: 2F
2-2: Foul Ball, location: 2F
2-2: SINGLE (Groundball, 34S) (infield hit)
Batting: LHB Emílio Barbán 0-0: Ball
1-0: SINGLE (Flyball, 8LS)
Álex Estrada to second
Batting: RHB José Carlos Ramos 0-0: Called Strike
0-1: Ball
1-1: Ball
2-1: Grounds into double play, 5-4-3 (Groundball, 5)
Bottom of the 5th over - 0 run(s), 2 hit(s), 0 error(s), 1 left on base; Sunset District 0 - Calgary 2
TOP OF THE 6TH
Sunset District Fog batting - Pitching for Calgary Lynx : RHP António Rodríguez
Batting: SHB Albert Sánchez 0-0: Swinging Strike
0-1: Foul Ball, location: 2F
0-2: Ball
1-2: Ball
2-2: Foul Ball, location: 2F
2-2: Strikes out looking
Batting: RHB Ricardo Téllez 0-0: Foul Ball, location: 2F
0-1: Swinging Strike
0-2: Ball
1-2: Ball
2-2: Strikes out looking
Batting: SHB Carlos Sánchez 0-0: Ball
1-0: Swinging Strike
1-1: Called Strike
1-2: Ball
2-2: Foul Ball, location: 2F
2-2: TRIPLE (Flyball, 89XD)
Batting: LHB Bryce Reilly 0-0: Called Strike
0-1: Called Strike
0-2: Ball
1-2: Strikes out swinging
Top of the 6th over - 0 run(s), 1 hit(s), 0 error(s), 1 left on base; Sunset District 0 - Calgary 2
BOTTOM OF THE 6TH
Calgary Lynx batting - Pitching for Sunset District Fog : RHP Carlos Martínez
Batting: LHB Miguel Zúñiga 0-0: Ball
1-0: Ball
2-0: Called Strike
2-1: Ball
3-1: Swinging Strike
3-2: Foul Ball, location: 2F
3-2: Base on Balls
Pitching: RHP José Caballero
Batting: RHB Dusty Childress 0-0: Ball
1-0: Swinging Strike
1-1: Ball
2-1: Bunt missed!
2-2: SINGLE (Line Drive, 6D)
Miguel Zúñiga to second
Batting: RHB Chris Woodruff 0-0: Bunted foul
0-1: Sac Bunt - play at first, batter OUT! 1-4
Miguel Zúñiga to third
Dusty Childress to second
Batting: LHB Ángel López 0-0: Called Strike
0-1: Called Strike
0-2: Ball
1-2: Foul Ball, location: 2F
1-2: Ball
2-2: Ball
3-2: Base on Balls
Batting: RHB Hieu De 0-0: SINGLE (Line Drive, 78M)
Miguel Zúñiga scores
Dusty Childress to third
Ángel López to second
Runner from 3rd tries for Home, SAFE, throw made home
Ángel López to third
Hieu De to second
Batting: LHB Thomas Campbell 0-0: Intentional Walk
Batting: RHB Álex Estrada 0-0: Ball
1-0: Fly out, F7 (Flyball, 78D)
Runner from 3rd tags up, SCORES, no throw
Batting: LHB Emílio Barbán 0-0: SINGLE (Flyball, 78M)
Hieu De to third
Thomas Campbell to second
Runner from 3rd tries for Home, SAFE, no throw
Batting: RHB José Carlos Ramos 0-0: Fly out, F6 (Line Drive, 6M)
Bottom of the 6th over - 4 run(s), 3 hit(s), 0 error(s), 2 left on base; Sunset District 0 - Calgary 6
TOP OF THE 7TH
Sunset District Fog batting - Pitching for Calgary Lynx : RHP António Rodríguez
Batting: RHB Simon Yusaf Khel 0-0: Ball
1-0: Ball
2-0: Ball
3-0: Called Strike
3-1: Fly out, F8 (Flyball, 8LM)
Batting: LHB Pedro Tapia 0-0: Ground out 6-3 (Groundball, 6)
Batting: RHB Jim Lee 0-0: Called Strike
0-1: Ball
1-1: Called Strike
1-2: Ball
2-2: Strikes out swinging
Top of the 7th over - 0 run(s), 0 hit(s), 0 error(s), 0 left on base; Sunset District 0 - Calgary 6
BOTTOM OF THE 7TH
Calgary Lynx batting - Pitching for Sunset District Fog : RHP José Caballero
Batting: LHB Miguel Zúñiga 0-0: Foul Ball, location: 2F
0-1: Swinging Strike
0-2: Ball
1-2: Foul Ball, location: 2F
1-2: Strikes out swinging passed ball, reaches first!
Batting: RHB Dusty Childress 0-0: Grounds into double play, 6-4-3 (Groundball, 6)
Batting: RHB Chris Woodruff 0-0: Called Strike
0-1: Called Strike
0-2: Strikes out swinging
Bottom of the 7th over - 0 run(s), 0 hit(s), 0 error(s), 0 left on base; Sunset District 0 - Calgary 6
TOP OF THE 8TH
Sunset District Fog batting - Pitching for Calgary Lynx : RHP António Rodríguez
Batting: RHB Manuel Rodríguez 0-0: Called Strike
0-1: SINGLE (Flyball, 89S)
Batting: RHB José Vargas 0-0: Ball
1-0: SINGLE (Line Drive, 7LS)
Manuel Rodríguez to second
Batting: SHB Albert Sánchez 0-0: Called Strike
0-1: Swinging Strike
0-2: Ball
1-2: Ball
2-2: Strikes out looking
Batting: RHB Ricardo Téllez 0-0: Fielders Choice at 2nd, 5-4 (Groundball, 56)
Manuel Rodríguez to third
Batting: SHB Carlos Sánchez 0-0: Swinging Strike
0-1: Foul Ball, location: 2F
0-2: Foul Ball, location: 2F
0-2: Foul Ball, location: 2F
0-2: Ball
1-2: Ball
2-2: Strikes out swinging
Top of the 8th over - 0 run(s), 2 hit(s), 0 error(s), 2 left on base; Sunset District 0 - Calgary 6
BOTTOM OF THE 8TH
Calgary Lynx batting - Pitching for Sunset District Fog : RHP José Caballero
Pitching: LHP Henry Simpson
Batting: LHB Ángel López 0-0: Ball
1-0: Called Strike
1-1: Ground out 4-3 (Groundball, 34)
Batting: RHB Hieu De 0-0: Ball
1-0: Ball
2-0: Called Strike
2-1: Foul Ball, location: 2F
2-2: Ground out 5-3 (Groundball, 56)
Batting: LHB Thomas Campbell 0-0: Ball
1-0: Foul Ball, location: 2F
1-1: Ball
2-1: Swinging Strike
2-2: Ball
3-2: Foul Ball, location: 2F
3-2: Foul Ball, location: 2F
3-2: Foul Ball, location: 2F
3-2: Foul Ball, location: 2F
3-2: SOLO HOME RUN (Flyball, 89XD), Distance : 391 ft
Batting: RHB Álex Estrada 0-0: Foul Ball, location: 2F
0-1: DOUBLE (Line Drive, 7LS)
Batting: LHB Emílio Barbán 0-0: Ball
1-0: Called Strike
1-1: Ball
2-1: Ball
3-1: Base on Balls
Batting: RHB José Carlos Ramos 0-0: Called Strike
0-1: Ball
1-1: Ball
Álex Estrada steals 3rd base
Emílio Barbán to second
2-1: Foul Ball, location: 2F
2-2: Ball
3-2: Base on Balls
Batting: LHB Miguel Zúñiga 0-0: Ball
1-0: Ball
2-0: Ball
3-0: Base on Balls
Álex Estrada scores
Emílio Barbán to third
José Carlos Ramos to second
Batting: RHB Dusty Childress 0-0: Called Strike
0-1: Swinging Strike
0-2: Fielders Choice at 2nd, 6-4 (Groundball, 6)
Bottom of the 8th over - 2 run(s), 2 hit(s), 0 error(s), 2 left on base; Sunset District 0 - Calgary 8
TOP OF THE 9TH
Sunset District Fog batting - Pitching for Calgary Lynx : RHP António Rodríguez
Pitching: RHP Alfonso Vera
Batting: LHB Bryce Reilly 0-0: Ball
1-0: Called Strike
1-1: Foul Ball, location: 2F
1-2: Foul Ball, location: 2F
1-2: Ball
2-2: Ground out 4-3 (Groundball, 4)
Batting: RHB Simon Yusaf Khel 0-0: Ball
1-0: Fly out, F8 (Flyball, 8LM)
Batting: LHB Pedro Tapia 0-0: Called Strike
0-1: Ball
1-1: Ball
2-1: Foul Ball, location: 2F
2-2: Ball
3-2: Fly out, F1 (Line Drive, 13)
Top of the 9th over - 0 run(s), 0 hit(s), 0 error(s), 0 left on base; Sunset District 0 - Calgary 8
Friday, December 30th, 2016 - OOTP Baseball 17.12 Build 75